 Dungeon Crawl Stone Soup version 0.22-b1-26-g9dbaab1112 (webtiles) character file.

2506 Molty the Summoner (level 9, -3/68 HPs)
             Began as a Human Summoner on Aug 8, 2018.
             Was an Elder of Okawaru.
             Slain by a two-headed ogre
             ... wielding a +0 giant spiked club
              (16 damage)
             ... on level 8 of the Dungeon.
             The game lasted 00:56:35 (12032 turns).

Molty the Summoner (Human Summoner)                Turns: 12032, Time: 00:56:35

Health: -3/68      AC: 14    Str: 11    XL:     9   Next: 82%
Magic:  3/15       EV: 12    Int: 19    God:    Okawaru [****..]
Gold:   422        SH:  6    Dex: 13    Spells: 2/16 levels left

rFire    . . .     SeeInvis .   b - +0 trident
rCold    . . .     Gourm    .   (no shield)
rNeg     . . .     Faith    .   O - +4 ring mail
rPois    .         Spirit   .   S - +2 helmet
rElec    .         Reflect  +   (no cloak)
rCorr    .         Harm     .   l - +1 pair of gloves
MR       .....                  (no boots)
Stlth    +.........             r - +6 amulet of reflection
HPRegen  0.21/turn              u - +2 ring of intelligence
MPRegen  0.14/turn              p - +1 ring of evasion

@: no status effects
A: no striking features
a: Heroism, Renounce Religion


You were on level 8 of the Dungeon.
You worshipped Okawaru.
Okawaru was greatly pleased with you.
You were not hungry.

You visited 2 branches of the dungeon, and saw 10 of its levels.
You also visited: Ossuary.

You collected 558 gold pieces.
You spent 136 gold pieces at shops.

Inventory:

Hand Weapons
 b - a +0 trident (weapon)
 s - a +3 flail of freezing
 P - a +3 spear of flaming
 Q - a +0 hunting sling
Missiles
 d - 89 sling bullets
 g - 258 stones (quivered)
 n - 3 needles of sleeping
Armour
 f - a +0 helmet
 l - a +1 pair of gloves (worn)
 m - a +0 robe
 y - a +0 leather armour
 z - a +0 scale mail
 N - a +0 scale mail
 O - a +4 ring mail (worn)
 S - a +2 helmet (worn)
Magical Staves
 a - an uncursed staff of energy
Jewellery
 i - an uncursed ring of positive energy
 o - an uncursed amulet of rage
 p - a +1 ring of evasion (right hand)
 r - a +6 amulet of reflection (around neck)
 t - an uncursed ring of poison resistance
 u - a +2 ring of intelligence (left hand)
 C - an uncursed ring of poison resistance
 K - an uncursed ring of stealth
 R - a cursed +5 ring of intelligence
Wands
 E - a wand of iceblast (21)
 F - a wand of random effects (35)
 G - a wand of acid (7)
 U - a wand of paralysis (15)
Scrolls
 e - a scroll of fog
 j - 4 scrolls of remove curse
 q - 2 scrolls of silence
 w - a scroll of fear {unknown}
 x - 2 scrolls of torment
 D - 2 scrolls of amnesia
 H - 2 scrolls of enchant armour
 J - 5 scrolls of teleportation
 L - 3 scrolls of enchant weapon
Potions
 h - 3 potions of flight
 v - 3 potions of lignification
 A - a potion of curing
 M - a potion of berserk rage {unknown}
Comestibles
 c - 9 rations


   Skills:
 + Level 5.0 Fighting
 - Level 2.0 Dodging
 - Level 2.0 Stealth
 - Level 4.0 Spellcasting
 * Level 10.2 Summonings
 + Level 5.1 Ice Magic


You had 2 spell levels left.
You knew the following spells:

 Your Spells              Type           Power        Failure   Level  Hunger
a - Summon Small Mammal   Summ           ####         1%          1    None
b - Call Imp              Summ           #####...     1%          2    ##.....
c - Summon Ice Beast      Ice/Summ       ####....     14%         4    ####...
d - Call Canine Familiar  Summ           #####...     1%          3    ###....
e - Summon Lightning Spi  Summ/Air       ###.....     38%         4    ####...

Your spell library contained the following spells:

 Spells                   Type           Power        Failure   Level  Hunger
 Summon Guardian Golem    Hex/Summ       ###.....     12%         3    ###....


Dungeon Overview and Level Annotations

Branches:
Dungeon (9/15)             Temple (1/1) D:4            Lair (0/6) D:8
    Orc (0/2) D:9

Altars:
Ashenzari
Cheibriados
Dithmenos
Elyvilon
Fedhas
Gozag
Hepliaklqana
Kikubaaqudgha
Makhleb
Nemelex Xobeh
Okawaru
Qazlal
Ru
Sif Muna
Trog
Uskayaw
Vehumet
Wu Jian
Xom
Yredelemnul
Zin
The Shining One

Shops:
D:4 *[?   D:7 *   D:8 *   D:9 [(


Message History

You feel much better.
The killer bee stings you but does no damage. x3
You block the killer bee's attack. x2
The two-headed ogre hits you but does no damage. x2
The killer bee barely misses you.
It was a potion of cancellation.
Your magical effects are unravelling.
You feel magically purged.
Your magical contamination has completely faded away.
You feel less wooden.
Your +2 helmet unmelds from your body.
Your +1 pair of gloves unmelds from your body.
Your +4 ring mail unmelds from your body.
The killer bee barely misses you. The killer bee closely misses you.
The killer bee stings you but does no damage. x2
The killer bee stings you. You block the killer bee's attack.
The two-headed ogre hits you with a giant spiked club!
* * * LOW HITPOINT WARNING * * *
The two-headed ogre hits you with a dire flail!
You die...

# ####...............######### #
#.....##.####[.............#
###.##.###.# #.....#########.#
(......# #.# ##...## #.#
###.##.###.# ##.## #.# #.##.....#
#.# #.# #.######## #.# ##.####
##.## ##O###### #......
##...####### ##.@y##.># #.(####
#..........###.yy..#.## ##...# #
#......###.##........# ##....# #
#.......##.#.........####...#.###
##.........'.........'...........
.....(.(...#.........####........
.###.#(######.......## ##....###
.# #.#(# ##.....## ##.###
.###.#(# ##.).## #.#


You could see a two-headed ogre and 3 killer bees.

Vanquished Creatures
  An orc warrior (D:8)
  2 phantoms
  An ice beast (D:5)
  2 centaurs
  2 bullfrogs
  Dowan (D:4)
  2 killer bees
  3 wights
  A hound skeleton (D:5)
  2 worker ant zombies
  A howler monkey skeleton (D:5)
  A gnoll (D:3)
  2 adders
  A shadow imp (D:5)
  An ooze (D:2)
  2 adder skeletons
  A dart slug (D:1)
  6 orcs
  4 goblins (D:3)
  A hobgoblin (D:3)
  2 jackals (D:4)
  4 kobolds
  2 quokkas
  3 bats
  A frilled lizard (D:2)
  3 hobgoblin skeletons (Ossuary)
  A rat (D:1)
53 creatures vanquished.

Vanquished Creatures (collateral kills)
  Sigmund (D:4)
  A spriggan (D:7)
  Duvessa (D:4)
  A water moccasin (D:5)
  A phantom (D:6)
  5 sky beasts
  An ice beast (D:6)
  2 ogres (D:5)
  2 centaurs
  A bullfrog (D:7)
  5 scorpions
  5 killer bees
  5 wights
  2 crimson imps
  2 centaur zombies (D:5)
  2 orc priests
  A hound (D:8)
  A jelly (D:6)
  2 iguanas
  An orc wizard (D:5)
  3 worker ants
  A killer bee zombie (D:7)
  A worker ant zombie (D:7)
  13 gnolls
  A howler monkey skeleton (D:9)
  12 adders
  A shadow imp (D:8)
  An adder skeleton (D:3)
  An adder zombie (Ossuary)
  4 worms
  2 dart slugs (D:3)
  4 leopard geckos
  25 orcs
  2 ball pythons
  A giant cockroach (D:5)
  8 goblins
  7 hobgoblins
  3 jackals
  4 kobolds
  A quokka (D:4)
  2 ball python skeletons
  5 bats
  5 frilled lizards
  A hobgoblin zombie (Ossuary)
  A jackal skeleton (D:4)
  A leopard gecko skeleton (D:8)
  An orc zombie (Ossuary)
  A quokka skeleton (D:6)
  5 rats
159 creatures vanquished.

Grand Total: 212 creatures vanquished

Notes
Turn   | Place    | Note
-------+----------+-------------------------------------------
     0 | D:1      | Molty the Human Summoner began the quest for the Orb.
     0 | D:1      | Reached XP level 1. HP: 13/13 MP: 3/3
   233 | D:1      | Reached XP level 2. HP: 19/19 MP: 1/5
   237 | D:1      | Learned a level 2 spell: Call Imp
   678 | D:1      | You fall through a shaft!
   911 | D:2      | Reached XP level 3. HP: 24/24 MP: 2/6
  1009 | D:2      | Found a radiant altar of Vehumet.
  1326 | D:2      | Reached XP level 4. HP: 30/30 MP: 2/7
  1335 | D:2      | Learned a level 3 spell: Call Canine Familiar
  1499 | D:2      | Found a burning altar of Makhleb.
  1643 | D:2      | Reached skill level 5 in Summonings
  2638 | D:3      | Reached XP level 5. HP: 35/35 MP: 6/9
  2644 | D:3      | Learned a level 4 spell: Summon Ice Beast
  3530 | D:3      | Noticed a sky beast
  3533 | D:3      | Reached skill level 6 in Summonings
  3546 | D:3      | Killed a sky beast
  3546 | D:3      | Reached XP level 6. HP: 41/41 MP: 2/11
  3976 | D:4      | Found Failiv's Antique Armour Boutique.
  4159 | D:4      | Found a sand-covered staircase.
  4165 | Ossuary  | Entered an ossuary
  4479 | Ossuary  | Noticed a flying skull
  4479 | Ossuary  | Noticed a wraith
  4492 | Ossuary  | Noticed a flying skull
  4493 | Ossuary  | Noticed a flying skull
  4597 | D:4      | Found a staircase to the Ecumenical Temple.
  4669 | D:4      | Found Iloiroe Puupt's Magic Scroll Boutique.
  4678 | Temple   | Entered the Ecumenical Temple
  4715 | Temple   | Became a worshipper of Warmaster Okawaru
  4859 | D:4      | Noticed Sigmund
  4909 | D:4      | Killed Sigmund
  4909 | D:4      | Reached XP level 7. HP: 35/46 MP: 4/13
  4915 | D:4      | Learned a level 4 spell: Summon Lightning Spire
  4988 | D:4      | Noticed Duvessa
  4998 | D:4      | Killed Duvessa
  4998 | D:4      | Reached skill level 7 in Summonings
  4999 | D:4      | Noticed Dowan
  5006 | D:4      | Killed Dowan
  5055 | D:4      | Found Kouxzoaq's General Store.
  5074 | D:4      | Bought a scroll of blinking for 97 gold pieces
  5074 | D:4      | Bought a scroll of teleportation for 39 gold pieces
  5200 | D:4      | Found a glowing silver altar of Zin.
  5465 | D:5      | Entered Level 5 of the Dungeon
  5484 | D:5      | Reached skill level 1 in Fighting
  5484 | D:5      | Reached skill level 1 in Ice Magic
  5632 | D:5      | Reached * piety under Okawaru
  6042 | D:5      | Noticed a water moccasin
  6051 | D:5      | Killed a water moccasin
  6051 | D:5      | Reached XP level 8. HP: 56/56 MP: 2/14
  6406 | D:5      | Reached ** piety under Okawaru
  6406 | D:5      | Reached skill level 8 in Summonings
  6731 | D:5      | Found a white marble altar of Elyvilon.
  8234 | D:6      | Reached *** piety under Okawaru
  8234 | D:6      | Reached XP level 9. HP: 60/64 MP: 12/15
  8440 | D:6      | Found a glowing golden altar of the Shining One.
  8673 | D:7      | Reached skill level 9 in Summonings
  8690 | D:7      | Found Emuddipn's General Store.
  8973 | D:7      | Found a shattered altar of Ashenzari.
  9677 | D:7      | Found a stormy altar of Qazlal.
 10015 | D:7      | Found a blossoming altar of Fedhas.
 10294 | D:7      | Reached **** piety under Okawaru
 10517 | D:8      | Reached skill level 10 in Summonings
 10836 | D:8      | Received a gift from Okawaru
 10984 | D:8      | Reached skill level 5 in Ice Magic
 11046 | D:8      | Found a staircase to the Lair.
 11145 | D:8      | Found Gozag's Platinum Reserve.
 11147 | D:8      | Found an opulent altar of Gozag.
 11462 | D:9      | Found Voutyrac's Armour Emporium.
 11462 | D:9      | Found a staircase to the Orcish Mines.
 11477 | D:8      | Reached skill level 5 in Fighting
 11563 | D:9      | Found Wiuhaq's Weapon Emporium.
 11600 | D:9      | Noticed a hippogriff
 11687 | D:9      | Noticed a two-headed ogre
 12024 | D:9      | HP: 3/68 [two-headed ogre/giant spiked club (5)]
 12032 | D:8      | Slain by a two-headed ogre

Skill      XL: |  1  2  3  4  5  6  7  8  9 |
---------------+----------------------------+-----
Summonings     | 5 6 7 8 10 | 10.2
Spellcasting   | 3 4 |  4.0
Fighting       | 2 3 5 |  5.0
Ice Magic      | 2 3 5 |  5.1
Dodging        | |  2.0
Stealth        | |  2.0

Action                   |  1- 3 |  4- 6 |  7- 9 || total
-------------------------+-------+-------+-------++-------
Melee: Unarmed           |     5 |       |       ||     5
       Halberd           |     6 |    47 |       ||    53
       Trident           |       |    59 |   213 ||   272
       Spear             |       |       |    31 ||    31
       Staff             |       |       |     4 ||     4
 Fire: Hunting sling     |     3 |    21 |       ||    24
Throw: Stone             |     1 |       |       ||     1
 Cast: Summon Small Mamm |    22 |    10 |    15 ||    47
       Call Imp          |    21 |    35 |    40 ||    96
       Call Canine Famil |       |    19 |    55 ||    74
       Summon Ice Beast  |       |       |    28 ||    28
Evoke: Staff of energy   |       |       |     3 ||     3
  Use: Scroll            |       |     7 |    14 ||    21
       Potion            |       |       |     8 ||     8
 Stab: Sleeping          |       |     5 |     2 ||     7
       Distracted        |       |       |     4 ||     4
  Eat: Chunk             |     3 |    13 |    19 ||    35
       Ration            |       |       |     5 ||     5
Armor: Robe              |    10 |    10 |       ||    20
       Leather armour    |       |    13 |    14 ||    27
       Ring mail         |       |       |    93 ||    93
       Skin              |       |       |    13 ||    13
Dodge: Dodged            |    22 |    64 |   163 ||   249
Block: Other             |       |     1 |    84 ||    85
       Reflection        |       |       |     6 ||     6
